 Dungeon Crawl Stone Soup version 0.17-a0-1987-gaf5a542 (webtiles) character file.

2212 4thArraOfDagon the Fighter (level 9, -9/82 HPs)
             Began as a Hill Orc Assassin on Oct 6, 2015.
             Was a Believer of Okawaru.
             Killed from afar by a smoke demon (20 damage)
             ... with a ball of steam
             ... on level 2 of the Abyss.
             The game lasted 00:17:56 (2867 turns).

4thArraOfDagon the Fighter (Hill Orc Assassin)      Turns: 2867, Time: 00:17:56

Health: -9/82      AC: 14    Str: 16    XL:     9   Next: 35%
Magic:  11/11      EV: 11    Int: 14    God:    Okawaru [**....]
Gold:   232        SH:  0    Dex: 12    Spells: 0 memorised, 8 levels left

rFire  . . .     SeeInvis .     u - +0 battleaxe (vamp)
rCold  . . .     Clarity  .     i - +0 chain mail
rNeg   . . .     SustAt   .     (no shield)
rPois  .         Gourm    .     o - +1 helmet
rElec  .         Spirit   .     d - +0 cloak
rCorr  .         Warding  .     (no gloves)
rMut   .         Stasis   .     (no boots)
MR     .....                    (no amulet)
Stlth  ..........               (no ring)
                                v - +4 ring of evasion

@: very slightly contaminated, hasted, very quick, not resistant to hostile
enchantments, extremely unstealthy
A: strong 1
a: Heroism, Renounce Religion


You were on level 2 of the Abyss.
You worshipped Okawaru.
Okawaru was pleased with you.
You were not hungry.

You visited 1 branch of the dungeon, and saw 9 of its levels.
You visited the Abyss 1 time.

You collected 274 gold pieces.
You spent 42 gold pieces at shops.

Inventory:

Hand Weapons
 a - a +2 dagger
 b - a +0 blowgun
 m - a +2 short sword of speed
 p - the cursed +0 great sword of Courage {freeze, rElec Int+3 SInv, unknown}
   (You found it on level 1 of the Abyss)

   It has been specially enchanted to freeze those struck by it, causing extra
   injury to most foes and up to half again as much damage against particularly
   susceptible opponents.
   It can also slow down cold-blooded creatures.
   It affects your intelligence (+3).
   It insulates you from electricity.
   It lets you see invisible.
   It has a curse placed upon it.
 u - a +0 vampiric battleaxe (weapon)
 w - a -3 hand axe
Missiles
 e - 37 poisoned needles
Armour
 d - a +0 cloak (worn)
 i - a +0 chain mail (worn)
 o - a +1 helmet (worn)
Jewellery
 v - a +4 ring of evasion (left hand)
Wands
 h - a wand of draining (10)
 q - a wand of random effects (24)
 s - a wand of enslavement (5)
 x - a wand of fire (4)
 D - a wand of confusion (22)
Scrolls
 f - a scroll of recharging
 k - 2 scrolls of enchant armour
 l - 2 scrolls of fear
 r - 4 scrolls of remove curse
Potions
 c - 2 potions of resistance
 n - a potion of heal wounds
 F - a potion of magic
Books
 y - a book of Dreams

   Spells                             Type                      Level
   a - Ensorcelled Hibernation        Hexes/Ice                    2
   b - Phase Shift                    Translocation                5
   c - Shadow Creatures               Summoning                    5
   d - Silence                        Hexes/Air                    5
   e - Darkness                       Hexes                        6
   f - Mass Confusion                 Hexes                        6
Miscellaneous
 C - a phantom mirror
Comestibles
 g - 12 bread rations
 t - 3 beef jerkies
 A - a slice of pizza


   Skills:
 + Level 8.9 Fighting
 - Level 2.0 Short Blades
 * Level 8.0 Axes
 - Level 1.7 Throwing
 + Level 7.2 Armour
 - Level 0.7 Dodging
 - Level 3.2 Stealth
 - Level 2.0 Invocations
 + Level 2.8 Evocations


You had 8 spell levels left.
You didn't know any spells.

Dungeon Overview and Level Annotations

Branches:
Dungeon (9/15)             Temple (0/1) D:5
   Lair: D:8-11         Orc: D:9-12

Altars:
Ashenzari
Kikubaaqudgha
Okawaru
Vehumet

Shops:
D:5 ?

Annotations:
D:3 4thArraOfDagon's ghost, weakling DEFE
D:4 4thArraOfDagon's ghost, amateur VSMo
D:6 1 runed door
D:7 Prince Ribbit
D:9 Erolcha


Innate Abilities, Weirdness & Mutations

Your muscles are strong. (Str +2)


Message History

You close the door.
Drink which item? (? for menu, Esc to quit)
You feel yourself speed up.
You are very lightly contaminated with residual magic.
A hellwing comes into view.
You see here a scroll of amnesia.
Unknown command.
Unknown command.
Unknown command.
A quasit and a smoke demon come into view.
The smoke demon roars!
The quasit gives a chilling moan.
Unknown command.
Unknown command.
Unknown command.
Unknown command.
A large abomination comes into view.
A large abomination comes into view.
The smoke demon gestures at you. The ball of steam hits you!
You die...

###.#######
#.#..#...
#.#..#.## #.
.....# . #....#..#
#####.###5.# .
.X.........####.
.....3§........##.
#......§@#.####
#....#.#.#... ##.X
#......## ...
.....#.. ##
..........
#####.......
#....# ......


You could see a large abomination, a smoke demon and a quasit.

Vanquished Creatures
  A smoke demon (Abyss:2)
  A ynoxinul (Abyss:2)
  A spriggan (D:7)
  A necrophage (D:7)
  A black bear (D:6)
  An ogre (D:5)
  2 giant frogs
  6 killer bees
  3 scorpions
  A quasit (D:8)
  5 wights
  2 orc priests
  2 crimson imps
  A giant frog skeleton (D:5)
  A jelly (D:8)
  2 orc wizards
  3 hounds
  2 worker ants (D:8)
  3 adders
  A shadow imp (D:6)
  An ooze (D:6)
  3 giant geckos
  12 orcs
  A ball python (D:1)
  4 bats
  2 giant cockroaches (D:3)
  4 hobgoblins
  17 jackals
  A quokka (D:9)
  A giant gecko skeleton (D:7)
  6 giant newts
  4 goblins
  A jackal skeleton (D:4)
  3 kobolds (D:1)
  5 rats
105 creatures vanquished.

Vanquished Creatures (collateral kills)
  An adder (D:8)
  2 jackals (D:8)
3 creatures vanquished.

Vanquished Creatures (others)
  A killer bee (D:8)
1 creature vanquished.

Grand Total: 109 creatures vanquished

Notes
Turn   | Place    | Note
--------------------------------------------------------------
     0 | D:1      | 4thArraOfDagon the Hill Orc Assassin began the quest for the Orb.
     0 | D:1      | Reached XP level 1. HP: 18/18 MP: 1/1
   107 | D:1      | Reached XP level 2. HP: 20/25 MP: 2/2
   126 | D:1      | Reached skill level 1 in Armour
   288 | D:1      | Reached XP level 3. HP: 26/31 MP: 3/3
   355 | D:3      | Found an iron altar of Okawaru.
   368 | D:3      | Became a worshipper of Warmaster Okawaru
   466 | D:3      | Noticed 4thArraOfDagon's ghost (weakling DEFE)
   510 | D:4      | Reached skill level 1 in Invocations
   516 | D:4      | Noticed a scorpion
   524 | D:4      | Killed a scorpion
   524 | D:4      | Reached skill level 4 in Fighting
   524 | D:4      | Reached XP level 4. HP: 37/40 MP: 3/5
   570 | D:5      | Entered Level 5 of the Dungeon
   621 | D:4      | Noticed an orc warrior
   626 | D:4      | Noticed 4thArraOfDagon's ghost (amateur VSMo)
   682 | D:5      | Reached XP level 5. HP: 4/47 MP: 6/6
   705 | D:5      | Gained mutation: Your muscles are strong. (Str +2) [potion of beneficial mutation]
   819 | D:5      | Found an ancient bone altar of Kikubaaqudgha.
   833 | D:5      | Noticed an ogre
   848 | D:5      | Killed an ogre
   848 | D:5      | Acquired Okawaru's first power
   848 | D:5      | Reached skill level 5 in Fighting
   848 | D:5      | Reached XP level 6. HP: 26/56 MP: 7/7
   871 | D:5      | Found a staircase to the Ecumenical Temple.
   924 | D:5      | Found Mevyreka's Magic Scroll Boutique.
   941 | D:5      | Bought a scroll of remove curse for 42 gold pieces
  1145 | D:5      | Reached skill level 6 in Fighting
  1186 | D:6      | Reached skill level 5 in Armour
  1186 | D:6      | Reached XP level 7. HP: 47/64 MP: 8/8
  1242 | D:6      | Found a runed door.
  1261 | D:6      | Noticed a yak
  1322 | D:7      | Reached skill level 7 in Fighting
  1358 | D:7      | Noticed Prince Ribbit
  1371 | D:6      | Found a radiant altar of Vehumet.
  1496 | D:6      | Reached skill level 1 in Axes
  1674 | D:6      | Reached XP level 8. HP: 40/73 MP: 9/9
  1821 | D:7      | Noticed a spriggan baker
  1829 | D:7      | Killed a spriggan baker
  1924 | D:8      | Reached skill level 5 in Axes
  1985 | D:8      | Reached skill level 8 in Fighting
  2155 | D:8      | Reached skill level 1 in Evocations
  2356 | D:9      | Reached XP level 9. HP: 59/82 MP: 10/10
  2386 | D:9      | Found a shattered altar of Ashenzari.
  2444 | D:9      | Noticed Erolcha
  2449 | D:9      | Cast into the Abyss (Erolcha)
  2468 | Abyss:1  | Got a brightly glowing great sword
  2611 | Abyss:2  | Noticed a tentacled starspawn
  2660 | Abyss:2  | Noticed a starcursed mass
  2731 | Abyss:2  | Noticed a smoke demon
  2739 | Abyss:2  | Noticed a rust devil
  2790 | Abyss:2  | Noticed a smoke demon
  2817 | Abyss:2  | Killed a smoke demon
  2836 | Abyss:2  | Noticed a smoke demon
  2858 | Abyss:2  | Noticed a hellwing
  2861 | Abyss:2  | Noticed a smoke demon
  2866 | Abyss:2  | Noticed a large abomination
  2867 | Abyss:2  | Killed from afar by a smoke demon

Vault maps used:
D:1:      dpeg_arrival_rhombus, hex_medium
D:3:      old_standard_altar, first_bread, okawaru_gym_becter
D:4:      old_standard_altar
D:5:      old_standard_altar, minmay_temple_entry_mist, serial_shops,
          nicolae_shop_temple_entry_statues_fountains,
          hangedman_decor_slide_cut, kennysheep_diamond
D:6:      lemuel_insect_pit, fiery_altar_vehumet
D:7:      serial_undead, serial_undead_d, serial_undead_c, serial_undead_f,
          serial_undead_d, the_bakery, uniq_prince_ribbit1
D:8:      cheibriados_altar_1
D:9:      cheibrodos_ashenzari_chains, kennysheep_little_box, special_room,
          corexii_corridor_pit, uniq_pikel, uniq_grum, uniq_erica, uniq_erolcha
Abyss:2:  evilmike_abyss_exit_12

Action                   |  1- 3 |  4- 6 |  7- 9 || total
-------------------------+-------+-------+-------++-------
Melee: Dagger            |    32 |       |       ||    32
       Short sword       |    75 |   114 |   241 ||   430
       Battleaxe         |       |       |    27 ||    27
 Fire: Blowgun           |     3 |    23 |     8 ||    34
Invok: Heroism           |       |     1 |     8 ||     9
Evoke: Wand              |       |       |    10 ||    10
  Use: Scroll            |     2 |     1 |    10 ||    13
       Potion            |       |     4 |     4 ||     8
  Eat: Chunk             |       |     1 |     5 ||     6
       Meat ration       |       |       |     1 ||     1
       Royal jelly       |       |       |     1 ||     1
